 Dungeon Crawl Stone Soup version 0.31.0-12-g77e489cdc1 (webtiles) character file.

Game seed: 7195692537843066069

397 Killerpretzel the Changeling (level 6, -1/42 HPs)
             Began as an Octopode Shapeshifter on Feb 12, 2024.
             Slain by a kobold brigand
             ... wielding a +0 club
              (5 damage)
             ... on level 3 of the Dungeon.
             The game lasted 00:02:04 (2022 turns).

Killerpretzel the Changeling (OpSh)                 Turns: 2022, Time: 00:02:04

Health: -1/42      AC:  1    Str: 13    XL:     6   Next: 83%
Magic:  15/15      EV: 14    Int: 13    God:
Gold:   96         SH:  0    Dex: 13    Spells: 5/5 levels left

rFire   . .          .
                       - Unarmed
rCold   . . .        (no shield)
rNeg    . . .        (helmet currently unavailable)
rPois   .            (no amulet)
rElec   .            d - ring of magical power
rCorr   .            (no ring)
SInv    .            (no ring)
Will    .....        (no ring)
Stlth   ++           (no ring)
HPRegen 0.27/turn    (no ring)
MPRegen 0.14/turn    (no ring)
                     (no ring)

%: no passive effects
@: beast-form
A: beast (slay +2), almost no armour, amphibious, 8 rings, camouflage 1,
gelatinous body 1, (nimble swimmer 1), tentacles
a: Begin Untransformation


You were on level 3 of the Dungeon.
You were a hulking beast.
You visited 1 branch of the dungeon, and saw 3 of its levels.

You collected 96 gold pieces.

Inventory:

Hand Weapons
 h - the +6 long sword "Lyddasmo" {drain, rCorr}
   (You found it on level 2 of the Dungeon)

   rCorr:     It protects you from acid and corrosion.
Jewellery
 d - a ring of magical power (left tentacle)
Talismans
 b - a beast talisman
 c - a flux talisman
 n - a serpent talisman
Wands
 k - a wand of mindburst (8)
Scrolls
 j - 2 scrolls of identify
Potions
 e - a potion of magic {unknown}
 f - a potion of resistance
 g - a potion of attraction


   Skills:
 + Level 3.0 Fighting
 + Level 3.5 Dodging
 + Level 4.2 Unarmed Combat
 * Level 4.9 Shapeshifting


You had 5 spell levels left.
You didn't know any spells.
Your spell library contained the following spells:

 Spells                   Type           Power      Damage    Failure   Level
 Apportation              Tloc           0%         N/A       30%         1
 Sandblast                Erth           0%         2d4       30%         1
 Jinxbite                 Hex            0%         N/A       43%         2
 Passwall                 Erth           0%         N/A       67%         3
 Stone Arrow              Conj/Erth      0%         3d7       67%         3
 Brom's Barrelling Bould  Conj/Erth      0%         2d3       97%         4
 Alistair's Intoxication  Alch           0%         N/A       100%        5


Dungeon Overview and Level Annotations

Branches:
Dungeon (3/15)

Altars:


Innate Abilities, Weirdness & Mutations

You are a hulking beast.
Your limbs bulge with bestial killing power. (Slay +2)
You cannot wear most types of armour.
You are amphibious.
You can wear up to eight rings at the same time.
Your skin changes colour to match your surroundings (Stealth+).
Your rubbery body absorbs attacks. (AC +1, EV +1)
((You are camouflaged when in or above water. (Stealth+)))
You have tentacles for arms and can constrict up to eight enemies at once.


Message History

You are poisoned.
There are monsters nearby!
You feel very sick. The kobold hits you with a +0 dagger.
You feel sick. The kobold barely misses you.
You tentacle-slap the kobold but do no damage.
Your grab misses the kobold. You squeeze the kobold.
You kill the kobold!
You feel sick.
The kobold brigand throws a poisoned dart.
The poisoned dart barely misses you.
You feel sick.
You feel sick.
You feel sick.
The kobold brigand hits you with a +0 club.
You tentacle-slap the kobold brigand. You grab the kobold brigand.
You squeeze the kobold brigand.
The kobold brigand is moderately wounded.
You constrict the kobold brigand. You tentacle-slap the kobold brigand.
You squeeze the kobold brigand.
The kobold brigand is severely wounded.
You constrict the kobold brigand, but do no damage.
You feel sick.
The kobold brigand hits you with a +0 club. x2
You bludgeon the kobold brigand! You squeeze the kobold brigand.
You kill the kobold brigand!
You feel sick.
You are no longer poisoned.
The kobold brigand misses you.
Your Fighting skill increases to level 3!
You barely miss the kobold brigand. Your grab misses the kobold brigand.
The kobold brigand hits you with a +0 club.
You tentacle-slap the kobold brigand. Your grab misses the kobold brigand.
The kobold brigand is lightly wounded.
The kobold brigand hits you with a +0 club!
* * * LOW HITPOINT WARNING * * *
You bludgeon the kobold brigand! Your grab misses the kobold brigand.
The kobold brigand is moderately wounded.
The kobold brigand hits you with a +0 club.
You die...

#.#.......... #)#......†...
######.....)......
####~~~####..........
~~~~~~~~##..........
..##### ~≈~≈~~~ #..........
.......###≈≈≈####..........
#....)..#####.....#####.(.
#)))h........# #...
###K....###### #... #######
#... ####


You could see a kobold brigand.

Vanquished Creatures
  Grinder (D:3)
  A kobold brigand (D:3)
  An iguana (D:3)
  4 adders
  A dart slug (D:1)
  A ribbon worm (D:2)
  5 ball pythons
  5 endoplasms
  9 goblins
  8 hobgoblins
  4 jackals (D:3)
  A quokka (D:1)
  6 bats
  A frilled lizard (D:1)
  10 kobolds
  13 rats
71 creatures vanquished.

Notes
Turn   | Place    | Note
-------+----------+-------------------------------------------
     0 | D:1      | Killerpretzel the Octopode Shapeshifter began the quest for
                  | the Orb.
     0 | D:1      | Reached XP level 1. HP: 13/13 MP: 1/1
    84 | D:1      | Reached XP level 2. HP: 18/18 MP: 2/2
   566 | D:1      | Reached XP level 3. HP: 23/23 MP: 3/3
   849 | D:2      | Identified the +6 long sword "Lyddasmo" {drain, rCorr}
  1320 | D:2      | Reached XP level 4. HP: 25/29 MP: 4/4
  1695 | D:3      | Noticed Grinder
  1707 | D:3      | HP: 1/29 [Grinder (2)]
  1716 | D:3      | Killed Grinder
  1717 | D:3      | Reached XP level 5. HP: 4/35 MP: 5/5
  1717 | D:3      | Reached XP level 6. HP: 5/41 MP: 6/6
  2022 | D:3      | Slain by a kobold brigand

Illustrated notes

Levels and vault maps discovered:
D:1:      giann_horns, layout_basic
D:2:      layout_rooms, eino_tiny_chamber, minmay_rat_gold_closets
D:3:      cheibrodos_thug_alley, layout_basic, lemuel_doored_altar,
          nicolae_the_louvre, uniq_grinder

Skill      XL: |  1  2  3  4  5  6 |
---------------+-------------------+-----
Fighting       | 2 3 |  3.0
Dodging        | 3 |  3.5
Unarmed Combat | 4 |  4.2
Shapeshifting  | 4 |  4.9

Action                     |  1- 3 |  4- 6 || total
---------------------------+-------+-------++-------
  Melee: Unarmed           |    67 |    61 ||   128
         Constrict         |    21 |    15 ||    36
         Tentacles         |    12 |    15 ||    27
         Punch             |     1 |       ||     1
    Use: Scroll            |     3 |     3 ||     6
         Potion            |       |     1 ||     1
   Stab: Sleeping          |    13 |     1 ||    14
 Armour: Skin              |    19 |    43 ||    62
  Dodge: Dodged            |    33 |    24 ||    57
